 Dungeon Crawl Stone Soup version 0.31-a0-1626-g5cb510d322 (webtiles) character file.

Game seed: 11936538625858543818

62472 senseless the Geomancer (level 14, -8/114 HPs)
             Began as a Demigod Earth Elementalist on Jan 12, 2024.
             Mangled by a wolf spider (19 damage)
             ... on level 5 of the Lair of Beasts on Jan 15, 2024.
             The game lasted 01:23:36 (24350 turns).

senseless the Geomancer (DgEE)                     Turns: 24350, Time: 01:23:38

Health: -8/114     AC: 11    Str: 13    XL:     14   Next: 27%
Magic:  42/42      EV: 25    Int: 39    God:
Gold:   996        SH:  0    Dex: 20    Spells: 18/33 levels left

rFire   + . .        t - +11 dagger of Amortisation {speed, rCorr MP+9 Str+4}
rCold   . . .        L - orb {*channel}
rNeg    + . .        h - +2 robe "Gowir" {Fly rN+ SInv}
rPois   .            w - +2 helmet
rElec   .            (no cloak)
rCorr   +            O - +0 pair of gloves
SInv    +            G - +2 pair of boots
Will    +....        r - amulet of magic regeneration
Stlth   ++++         m - +5 ring of evasion
HPRegen 0.39/turn    a - ring "Voitruerph" {rF+ Int+6 Dex+6}
MPRegen 0.68/turn

%: channel magic (20%)
@: lethally poisoned (-8 -> -47), about to teleport, flying
A: high MP 1, forlorn, divine attributes
a: no special abilities


You were on level 5 of the Lair of Beasts.
You visited 2 branches of the dungeon, and saw 19 of its levels.
You also visited: Bailey.

You collected 1658 gold pieces.
You spent 662 gold pieces at shops.

Inventory:

Hand Weapons
 o - a +2 flail of holy wrath
 t - the +11 dagger of Amortisation (weapon) {speed, rCorr MP+9 Str+4}
   (You found it on level 6 of the Dungeon)

   Str+4:     It affects your strength (+4).
   MP+9:      It affects your magic capacity (+9).
   rCorr:     It protects you from acid and corrosion.
Missiles
 c - 15 poisoned darts
 l - 2 throwing nets
Armour
 h - the +2 robe "Gowir" (worn) {Fly rN+ SInv}
   (You found it on level 2 of the Dungeon)

   rN+:       It protects you from negative energy.
   SInv:      It lets you see invisible.
   Fly:       It grants you flight.
 i - a +4 scale mail
 w - a +2 helmet (worn)
 y - +0 acid dragon scales
 G - a +2 pair of boots (worn)
 L - an orb of energy (worn)
 O - a +0 pair of gloves (worn)
 P - a +0 buckler of resistance
Magical Staves
 u - the staff of Gluttony {rPois rF+ Str+2 Dex-4 Fire}
   (You found it in a bailey)

   [staff of fire]

   Base accuracy: +5 Base damage: 5 Base attack delay: 1.2 This weapon's minimum
   attack delay (0.6) is reached at skill level 12.
   Str+2:     It affects your strength (+2).
   Dex-4:     It affects your dexterity (-4).
   rF+:       It protects you from fire.
   rPois:     It protects you from poison Fire: It increases the power of your
   Fire spells.
   It falls into the 'Staves' category.
   It is a one-handed weapon.
Jewellery
 a - the ring "Voitruerph" (right hand) {rF+ Int+6 Dex+6}
   (You acquired it on level 5 of the Dungeon)

   [ring of intelligence]

   Int+6:     It affects your intelligence (+6).
   Dex+6:     It affects your dexterity (+6).
   rF+:       It protects you from fire.
 m - a +5 ring of evasion (left hand)
 n - a ring of poison resistance
 r - an amulet of magic regeneration (around neck)
 z - a ring of wizardry
 K - a +4 ring of protection
 M - a +4 ring of protection
 S - a ring of wizardry
 T - a ring of protection from cold
 V - a +5 ring of evasion
Wands
 j - a wand of polymorph (5)
 q - a wand of digging (11)
 A - a wand of mindburst (45)
 D - a wand of acid (14)
 H - a wand of flame (44)
 W - a wand of roots (2)
Scrolls
 d - 4 scrolls of teleportation
 s - 5 scrolls of fog
 B - 6 scrolls of identify
 E - 5 scrolls of enchant weapon
 F - 2 scrolls of brand weapon
 N - a scroll of torment
 Q - 2 scrolls of revelation
 R - 2 scrolls of fear
Potions
 b - 2 potions of magic
 e - a potion of resistance
 f - 5 potions of ambrosia
 g - 7 potions of curing
 k - a potion of lignification
 p - 2 potions of heal wounds
 v - 3 potions of enlightenment
 x - 2 potions of berserk rage
 C - 4 potions of might
 U - 3 potions of invisibility
 X - a potion of haste
 Y - 2 potions of attraction
 Z - a potion of cancellation
Miscellaneous
 I - a phantom mirror


   Skills:
 + Level 7.6 Fighting
 * Level 11.1 Dodging
 - Level 8.7 Stealth
 * Level 10.3 Spellcasting
 * Level 11.0 Conjurations
 * Level 11.4 Earth Magic


You had 18 spell levels left.
You knew the following spells:

 Your Spells              Type           Power      Damage    Failure   Level
a - Sandblast             Erth           100%       2d20      1%          1
b - Passwall              Erth           83%        N/A       1%          3
c - Stone Arrow           Conj/Erth      100%       3d13      1%          3
d - Brom's Barrelling Bo  Conj/Erth      82%        2d9       2%          4
e - Petrify               Alch/Erth      59%        N/A       8%          4

Your spell library contained the following spells:

 Spells                   Type           Power      Damage    Failure   Level
 Hailstorm                Conj/Ice       58%        3d11      3%          3
 Leda's Liquefaction      Alch/Erth      29%        N/A       8%          4
 Sublimation of Blood     Necr           20%        N/A       10%         2
 Summon Ice Beast         Ice/Summ       20%        N/A       16%         3
 Irradiate                Conj/Alch      29%        3d21      16%         5
 Alistair's Intoxication  Alch           13%        N/A       67%         5
 Sculpt Simulacrum        Ice/Alch       10%        N/A       99%         6
 Haunt                    Necr/Summ      10%        N/A       100%        7
 Borgnjor's Revivificati  Necr           10%        N/A       100%        8
 Death's Door             Necr           10%        N/A       100%        9


Dungeon Overview and Level Annotations

Branches:
Dungeon (14/15)            Temple (0/1) D:6            Lair (5/5) D:11
  Swamp (0/4) Lair:3       Spider (0/4) Lair:2        Slime (0/5) Lair:4
    Orc (0/2) D:11         Bailey (visited)
 Vaults: D:13-14

Shops:
D:1 (   D:2 [   D:7 =   D:12 *

Annotations:
Lair:2 2 transporters, kaychamo's ghost, journeyman TeSh


Innate Abilities, Weirdness & Mutations

You have an increased reservoir of magic. (+10% MP)
You shall have no god before yourself.
Your divine heritage dramatically boosts your attributes as you level up.


Message History

The wolf spider closely misses you. The black mamba bites you!
* * * LOW HITPOINT WARNING * * *
The wolf spider misses you. The wolf spider bites you.
* * * LOW HITPOINT WARNING * * *
You are lethally poisoned!
The wolf spider poisons you! The black mamba closely misses you.
You feel much better.
* * * LOW HITPOINT WARNING * * *
You feel extremely sick. The black mamba closely misses you.
The wolf spider hits you but does no damage.
The wolf spider bites you!
* * * LOW HITPOINT WARNING * * *
You are more poisoned.
The wolf spider poisons you!
You feel much better.
* * * LOW HITPOINT WARNING * * *
You feel extremely sick.
The black mamba bites you but does no damage.
The wolf spider hits you but does no damage.
The wolf spider bites you but does no damage.
The black mamba misses you. The wolf spider completely misses you.
The wolf spider bites you!
* * * LOW HITPOINT WARNING * * *
You are more poisoned.
The wolf spider poisons you!
You feel much better.
* * * LOW HITPOINT WARNING * * *
You feel extremely sick. The black mamba closely misses you.
The wolf spider closely misses you. The wolf spider misses you.
The black mamba closely misses you.
Unknown command.
As you read the scroll of teleportation, it crumbles to dust.
You feel strangely unstable.
* * * LOW HITPOINT WARNING * * *
You feel extremely sick. The black mamba misses you.
The wolf spider closely misses you. The wolf spider completely misses you.
The black mamba barely misses you. The wolf spider hits you!!
You die...

# ..###(.##..##...###....#######
# $...####....#.###.....†.##### #
?...........###........###..## #
!...........###.......#.##..## #
$...####....#.###...........#. #
. ###..##...s...###......#..## ##
###...#####SF#....###..##.###
.###....##.####s##.....#####.# #
P......##..#..#S@##..........####
.P..†.##..##..##..##....P....#.#.
.....##...#....#...##............
....##..†##....##...##...........
..###....#......#....###.......<.
..##....##......##....##.........
#.#.....#..P...P.#...............
####...##...P#...##........#..##.
.#.....##...##............#######


You could see a wolf spider, 2 black mambas, a cane toad and a redback.

Vanquished Creatures
  Gastronok (D:8)
  Josephine (Lair:5)
  2 hydras
  Harold (Lair:2)
  2 two-headed ogres
  A centaur warrior (D:13)
  A tengu warrior (D:13)
  A hell hog (Lair:5)
  Nergalle (Lair:2)
  A skyshark (Lair:4)
  A swamp dragon (Lair:3)
  Pikel (D:5)
  An arcanist (D:12)
  A lindwurm (Lair:5)
  A deep elf pyromancer (Bailey)
  An orc knight (Bailey)
  3 ugly things (D:13)
  2 manticores
  A cyclops (D:13)
  A wolf spider (Lair:5)
  3 meliai (D:13)
  4 elephants
  9 black mambas
  A guardian serpent (Lair:5)
  2 torpor snails
  3 gargoyles
  13 cane toads
  Maggie (D:6)
  Jeremiah (D:9)
  3 unseen horrors
  Joseph (D:8)
  9 komodo dragons
  A rime drake (Lair:5)
  2 kobold demonologists
  A tengu conjurer (D:13)
  5 trolls
  5 hornets
  5 polar bears (Lair:5)
  A raiju (Lair:5)
  14 blink frogs
  4 dream sheep
  3 culicivoras (Lair:2)
  2 shadows
  2 vampires
  11 wraiths
  6 slime creatures (D:12)
  14 wyverns
  52 yaks
  5 basilisks
  3 wargs (Lair:5)
  3 steam dragons
  A death yak simulacrum (Lair:5)
  A redback (Lair:2)
  2 vampire mosquitoes (D:13)
  Menkaure (D:6)
  2 acid dragons
  4 hell hounds (Lair:5)
  31 water moccasins
  Duvessa (D:7)
  11 orc warriors
  11 black bears (Lair:5)
  2 ice beasts
  A sky beast (D:8)
  17 wolves
  4 centaurs
  A lemure (D:5)
  A kobold brigand (D:10)
  11 bullfrogs
  3 scorpions
  2 cane toad simulacra (Lair:5)
  A gnoll sergeant (D:5)
  2 wights (D:9)
  Dowan (D:7)
  An elephant simulacrum (Lair:5)
  12 killer bees (D:10)
  5 electric eels
  10 howler monkeys
  11 orc priests
  3 gnoll boudas
  6 hounds
  5 jellies
  3 sleepcaps
  7 iguanas
  11 orc wizards
  5 hell rats (Lair:4)
  A wolf simulacrum (Lair:5)
  22 gnolls
  6 adders
  A shadow imp (D:8)
  A white imp (D:7)
  2 ufetubi (D:6)
  A ribbon worm (D:3)
  5 dart slugs
  32 orcs
  4 ball pythons
  4 bats
  5 endoplasms
  6 giant cockroaches
  10 goblins
  11 hobgoblins
  8 jackals
  6 kobolds
  5 quokkas
  A frilled lizard (D:3)
  2 rats
  A butterfly (Lair:4)
538 creatures vanquished.

Vanquished Creatures (collateral kills)
  2 boulders
2 creatures vanquished.

Vanquished Creatures (others)
  5 boulders
5 creatures vanquished.

Grand Total: 545 creatures vanquished

Notes
Turn   | Place    | Note
-------+----------+-------------------------------------------
     0 | D:1      | senseless the Demigod Earth Elementalist began the quest
                  | for the Orb.
     0 | D:1      | Reached XP level 1. HP: 14/14 MP: 5/5
    78 | D:1      | Reached skill level 1 in Conjurations
   214 | D:1      | Reached XP level 2. HP: 20/20 MP: 4/7
   535 | D:1      | Found Edeirhik's Weapon Emporium.
   869 | D:2      | Identified the +2 robe "Gowir" {Fly rN+ SInv}
   887 | D:2      | Reached XP level 3. HP: 26/26 MP: 4/8
  1243 | D:2      | Found Uduur's Antique Armour Shop.
  2106 | D:2      | Learned a level 3 spell: Passwall
  2578 | D:3      | Reached XP level 4. HP: 33/33 MP: 7/10
  3033 | D:4      | Reached XP level 5. HP: 19/39 MP: 2/11
  3200 | D:4      | Learned a level 3 spell: Stone Arrow
  3227 | D:4      | Reached skill level 1 in Fighting
  3842 | D:5      | Entered Level 5 of the Dungeon
  3887 | D:5      | Reached XP level 6. HP: 47/47 MP: 9/13
  4002 | D:5      | Identified a scroll of acquirement
  4002 | D:5      | Acquired the ring "Voitruerph" {rF+ Int+6 Dex+6}
  4009 | D:5      | Learned a level 4 spell: Brom's Barrelling Boulder
  4215 | D:5      | Noticed Pikel
  4223 | D:5      | Killed Pikel
  4224 | D:5      | Reached XP level 7. HP: 55/55 MP: 0/15
  4427 | D:5      | Reached XP level 8. HP: 52/62 MP: 1/17
  4670 | D:5      | Reached skill level 5 in Earth Magic
  5746 | D:6      | Identified the +11 dagger of Amortisation {speed, rCorr
                  | MP+9 Str+4}
  5809 | D:6      | Found a staircase to the Ecumenical Temple.
  5835 | D:6      | Reached skill level 5 in Dodging
  5866 | D:6      | Noticed Maggie
  5872 | D:6      | Killed Maggie
  5968 | D:6      | Noticed Menkaure
  5972 | D:6      | Killed Menkaure
  6105 | D:6      | Reached skill level 5 in Conjurations
  6105 | D:6      | Reached XP level 9. HP: 69/70 MP: 20/20
  6842 | D:7      | Reached skill level 5 in Spellcasting
  6981 | D:7      | Noticed a komodo dragon
  6985 | D:7      | Killed a komodo dragon
  7075 | D:7      | Noticed a two-headed ogre
  7081 | D:7      | Killed a two-headed ogre
  7135 | D:7      | Reached skill level 5 in Stealth
  7172 | D:7      | Found a transporter.
  7174 | D:7      | Found Muxzezxi's Jewellery Boutique.
  7245 | D:7      | Found a transporter.
  7304 | D:7      | Noticed Dowan
  7308 | D:7      | Noticed Duvessa
  7311 | D:7      | Killed Dowan
  7313 | D:7      | Killed Duvessa
  7362 | D:7      | Found a transporter.
  7463 | D:7      | Found a transporter.
  7924 | D:7      | Learned a level 4 spell: Petrify
  7980 | D:8      | Noticed Joseph
  8011 | D:8      | Killed Joseph
  8012 | D:8      | Reached XP level 10. HP: 52/78 MP: 9/22
  8441 | D:8      | Noticed Gastronok
  8452 | D:8      | Killed Gastronok
  8837 | D:9      | Found a flagged portal.
  8842 | Bailey   | Entered a bailey
  8923 | Bailey   | Found a large runed translucent door.
  8923 | Bailey   | Found a large runed translucent door.
  8933 | Bailey   | Noticed a deep elf pyromancer
  8935 | Bailey   | Noticed an orc knight
  9005 | Bailey   | Killed an orc knight
  9306 | Bailey   | Killed a deep elf pyromancer
  9350 | Bailey   | Identified the +0 leather armour "Tuesmau" {-Cast rC++
                  | Dex+5}
  9351 | Bailey   | Identified the staff of Gluttony {rPois rF+ Str+2 Dex-4
                  | Fire}
  9841 | D:9      | Noticed Jeremiah
  9852 | D:9      | Killed Jeremiah
 10290 | D:9      | Reached XP level 11. HP: 85/85 MP: 25/25
 10425 | D:10     | Entered Level 10 of the Dungeon
 10877 | D:10     | Reached skill level 5 in Fighting
 11348 | D:10     | Identified the +0 plate armour of a wizard's laboratory
                  | {Int+4}
 11881 | D:11     | Found a staircase to the Orcish Mines.
 12265 | D:11     | Found a staircase to the Lair.
 12591 | D:12     | Found Naah's Assorted Antiques.
 12621 | D:12     | Bought 2 potions of heal wounds for 310 gold pieces
 12621 | D:12     | Bought a scroll labelled MOEFFO EBOI for 31 gold pieces
 12621 | D:12     | Bought a scroll of identify for 62 gold pieces
 12621 | D:12     | Bought a smoky pink potion for 27 gold pieces
 12621 | D:12     | Bought a scroll of enchant armour for 232 gold pieces
 12705 | D:12     | Noticed an arcanist
 12710 | D:12     | Killed an arcanist
 13848 | D:13     | Reached XP level 12. HP: 39/95 MP: 19/28
 14193 | D:13     | Noticed a centaur warrior
 14198 | D:13     | Killed a centaur warrior
 15310 | Lair:1   | Entered Level 1 of the Lair of Beasts
 15948 | Lair:1   | Noticed a seven-headed hydra
 15957 | Lair:1   | Killed a seven-headed hydra
 16549 | Lair:2   | Found a transporter.
 16550 | Lair:2   | Noticed a seven-headed hydra
 16552 | Lair:2   | Noticed a six-headed hydra
 16552 | Lair:2   | Noticed kaychamo's ghost (journeyman TeSh)
 16605 | Lair:2   | Found a hole to the Spider Nest.
 16624 | Lair:2   | Noticed Harold
 16636 | Lair:2   | Noticed Nergalle
 16811 | Lair:2   | Killed Harold
 16831 | Lair:2   | Killed Nergalle
 17234 | Lair:2   | Found a transporter.
 17264 | Lair:2   | Reached skill level 10 in Earth Magic
 17282 | Lair:2   | Reached XP level 13. HP: 46/103 MP: 30/30
 18415 | Lair:3   | Found a staircase to the Swamp.
 18639 | Lair:3   | Reached skill level 10 in Dodging
 19327 | Lair:4   | Got the Lessons on the Catalyst
 19709 | Lair:4   | Reached skill level 10 in Conjurations
 19832 | Lair:4   | Found a staircase to the Slime Pits.
 20160 | Lair:4   | You are sucked into a shaft and drop 1 floor!
 20160 | Lair:5   | Entered Level 5 of the Lair of Beasts
 22468 | Lair:4   | Reached skill level 10 in Spellcasting
 22757 | Lair:5   | Reached XP level 14. HP: 110/113 MP: 32/32
 23322 | Lair:5   | Paralysed by a hornet for 1 turns
 23639 | Lair:5   | Noticed Josephine
 23648 | Lair:5   | Killed Josephine
 24346 | Lair:5   | HP: 5/114 [wolf spider (3)]
 24350 | Lair:5   | Mangled by a wolf spider

Illustrated notes

Levels and vault maps discovered:
D:1:      shiori_arrival_oz, layout_rooms, serial_shops,
          nicolae_shop_rolling_square
D:2:      layout_basic, serial_shops, shop, serial_co_window_serial,
          co_window_cross_1, co_window_paths_a, co_window_of_opportunity_a,
          co_window_corner_a, co_window_of_opportunity_a,
          co_window_of_opportunity_b, co_window_2corner,
          co_window_unsneaky_path_b, co_window_paths_e, co_window_4corner_b,
          glass_columns_c, glass_columns_b, glass_columns_b, grunt_ministairs_4,
          minmay_misc_feat_rugged
D:3:      layout_rooms
D:4:      layout_loops_ring, chequers_garden
D:5:      layout_rooms, grunt_gozag_statues, corexii_shack, uniq_pikel
D:6:      layout_cave_pods, temple_green, uniq_menkaure, uniq_maggie
D:7:      gammafunk_steamed_eel, layout_cave_pools,
          nicolae_dithmenos_through_a_glass_darkly, serial_shops,
          nicolae_shop_drivethru, uniq_duvessa
D:8:      layout_cave_pools, serial_column_ruins, column_ruins_square_huge,
          column_ruins_open_tiny, column_ruins_columns_water,
          column_ruins_grid_1, column_ruins_open_small_water,
          column_ruins_open_tiny, uniq_joseph, uniq_gastronok
D:9:      layout_gridville, nicolae_overflow_crystal_walls, enter_bailey_3,
          minmay_puff, uniq_jeremiah
D:10:     layout_gridville, mainiacjoe_overflow_24_doors
D:11:     layout_long_grid, david_lair_shrubbed, orc_0_dummy,
          david_defended_altar_orc
D:12:     layout_basic, nicolae_stop_n_shop_1
D:13:     layout_basic, nicolae_qazlal_scattered_showers
D:14:     lemuel_ice_statue, layout_basic, david_vaults_1,
          nicolae_lava_and_water, uniq_jorgrun
Lair:1:   cheibrodos_lair_river_kwai, layout_gridlike,
          hangedman_lair_unloving_vines
Lair:2:   layout_big_grid, nicolae_spider_entry_tight_spaces,
          gammafunk_ghost_arena, nicolae_volcano_entry_lava_flow,
          infiniplex_staircase_pool_2, uniq_nergalle, uniq_harold
Lair:3:   layout_cave_pods, minmay_swamp_entry_reptiles
Lair:4:   layout_big_grid, slime_entry_1, grunt_megastairs_5,
          serial_bayou_shore_a, lemuel_fruit_tree, lemuel_fruit_fields
Lair:5:   hangedman_lair_caniforms_friends, layout_regular_city,
          hangedman_lair_tendril_chambers, portal_ice_cave_entry_ice_simulacra,
          pdpol_lair_cavern_descent, uniq_josephine

Skill      XL: |  1  2  3  4  5  6  7  8  9 10 11 12 13 14 |
---------------+-------------------------------------------+-----
Conjurations   | 1 2 3 5 6 7 8 9 10 11 | 11.0
Dodging        | 2 3 4 5 6 7 8 9 10 11 | 11.1
Stealth        | 2 3 4 5 6 7 8 |  8.7
Spellcasting   | 2 3 4 5 6 8 9 10 | 10.3
Earth Magic    | 3 4 5 6 7 8 10 11 | 11.4
Fighting       | 1 2 3 4 5 6 7 |  7.6

Action                     |  1- 3 |  4- 6 |  7- 9 | 10-12 | 13-15 || total
---------------------------+-------+-------+-------+-------+-------++-------
  Melee: Rapier            |       |     1 |    12 |       |       ||    13
         Dagger            |       |       |     9 |    14 |    32 ||    55
  Throw: Throwing net      |       |       |       |     1 |       ||     1
   Cast: Sandblast         |    70 |    85 |    95 |   475 |   563 ||  1288
         Stone Arrow       |       |     7 |    28 |    92 |    40 ||   167
         Brom's Barrelling |       |       |     4 |     4 |     5 ||    13
         Petrify           |       |       |       |     2 |       ||     2
  Evoke: Wand              |       |       |     9 |       |       ||     9
    Use: Potion            |       |     1 |     2 |     6 |     8 ||    17
         Scroll            |       |    11 |     7 |    14 |     3 ||    35
 Armour: Robe              |     7 |    22 |    42 |   256 |   363 ||   690
  Dodge: Dodged            |    12 |    59 |    58 |   491 |  1203 ||  1823

Table legend: (Time is in decaauts)
 A = Elapsed time spent in this place.
 B = Non-inter-level travel time spent in this place.
 C = Inter-level travel time spent in this place.
 D = Time resting spent in this place.
 E = Time spent auto-exploring this place.
 F = Levels seen in this place.
 G = Mean time per level.
                   A        B        C        D        E       F      G
               +--------+--------+--------+--------+--------+-----+--------+
         Total |  25030 |  24057 |    973 |   3779 |  16222 |  20 | 1251.5 |
       Dungeon |  15008 |  14281 |    727 |   2064 |  10169 |  14 | 1072.0 |
          Lair |   9438 |   9193 |    245 |   1686 |   5699 |   5 | 1887.6 |
        Bailey |    583 |    583 |      0 |     29 |    354 |   1 |  583.0 |
               +--------+--------+--------+--------+--------+-----+--------+

Top non-repeatable levels by time:
  Lair:5: 2727 daAuts
  Lair:3: 1942 daAuts
  Lair:4: 1927 daAuts
  Lair:2: 1609 daAuts
     D:4: 1529 daAuts
    D:13: 1456 daAuts
     D:2: 1447 daAuts
     D:6: 1439 daAuts
    D:10: 1314 daAuts
     D:5: 1274 daAuts
    D:12: 1261 daAuts
  Lair:1: 1232 daAuts
     D:9: 1113 daAuts
     D:7: 1029 daAuts
    D:11: 957 daAuts
